 Seeded DCSS version 0.28-a0-1033-g1a2f33fa85 (webtiles) character file.

Game seed: 3527403583651477610 (custom seed)

189 croobank the Digger (level 5, -1/37 HPs)
             Began as a Gnoll Earth Elementalist on Dec 8, 2021.
             Slain by Grinder (4 damage)
             ... on level 3 of the Dungeon.
             The game lasted 00:16:18 (3375 turns).

croobank the Digger (Gnoll Earth Elementalist)      Turns: 3375, Time: 00:16:18

Health: -1/37      AC:  4    Str:  9    XL:     5   Next: 68%
Magic:  12/12      EV: 13    Int: 14    God:
Gold:   96         SH:  0    Dex: 13    Spells: 13/14 levels left

rFire   . . .      SeeInvis .   i - +2 dagger (venom)
rCold   . . .      Faith    .   (no shield)
rNeg    . . .      Spirit   .   d - +0 leather armour
rPois   .          Reflect  .   (no helmet)
rElec   .          Harm     .   h - +0 cloak
rCorr   .          Rampage  .   (no gloves)
Will    .....                   (no boots)
Stlth   ++........              (no amulet)
HPRegen 0.12/turn               (no ring)
MPRegen 0.13/turn               (no ring)

@: mighty
A: fangs 1, strong nose, distributed training
a: no special abilities


You were on level 3 of the Dungeon.
You visited 1 branch of the dungeon, and saw 3 of its levels.

You collected 144 gold pieces.
You spent 48 gold pieces at shops.

Inventory:

Hand Weapons
 f - a +0 falchion
 i - a +2 dagger of venom (weapon)
Missiles
 c - 81 stones
 j - 14 sling bullets
 m - 8 arrows
 n - a javelin (quivered)
Armour
 d - a +0 leather armour (worn)
 h - a +0 cloak (worn)
Magical Staves
 g - a staff of conjuration
Scrolls
 a - a scroll of immolation {unknown}
 e - 2 scrolls of fog {unknown}
 k - 2 scrolls of identify {unknown}
 o - a scroll of amnesia {unknown}
 p - a scroll of teleportation {unknown}
 s - a scroll of noise {unknown}
Potions
 q - a potion of resistance {unknown}
 r - a potion of attraction {unknown}


   Skills:
 + Level 1.6 Fighting
 + Level 1.6 Short Blades
 + Level 1.6 Long Blades
 + Level 1.6 Axes
 + Level 1.6 Maces & Flails
 + Level 1.6 Polearms
 + Level 1.6 Staves
 + Level 1.6 Slings
 + Level 1.6 Bows
 + Level 1.6 Crossbows
 + Level 1.6 Throwing
 + Level 1.6 Armour
 + Level 4.8 Dodging
 + Level 4.4 Stealth
 + Level 1.6 Shields
 + Level 1.6 Unarmed Combat
 + Level 5.2 Spellcasting
 + Level 1.2 Conjurations
 + Level 1.2 Hexes
 + Level 1.2 Summonings
 + Level 1.2 Necromancy
 + Level 1.2 Translocations
 + Level 2.4 Transmutations
 + Level 1.2 Fire Magic
 + Level 1.2 Ice Magic
 + Level 1.2 Air Magic
 + Level 5.5 Earth Magic
 + Level 1.2 Poison Magic
 + Level 1.8 Invocations
 + Level 1.6 Evocations


You had 13 spell levels left.
You knew the following spells:

 Your Spells              Type           Power      Damage    Failure   Level
a - Sandblast             Erth           38%        2d10      2%          1

Your spell library contained the following spells:

 Spells                   Type           Power      Damage    Failure   Level
 Passwall                 Tmut/Erth      11%        N/A       7%          2
 Stone Arrow              Conj/Erth      26%        3d8       17%         3
 Tukima's Dance           Hex            7%         N/A       38%         3
 Petrify                  Tmut/Erth      14%        N/A       41%         4
 Passage of Golubria      Tloc           7%         N/A       80%         4
 Yara's Violent Unravell  Hex/Tmut       4%         3d4       96%         5


Dungeon Overview and Level Annotations

Branches:
Dungeon (3/15)

Altars:
Dithmenos

Shops:
D:1 *

Annotations:
D:3 3 runed translucent doors, Grinder; Umoon's ghost, amateur DsGl


Innate Abilities, Weirdness & Mutations

You have very sharp teeth.
Your uncanny sense of smell can sniff out nearby items.
Your experience applies equally to all skills.


Message History

It was a potion of heal wounds.
You feel much better.
You hear a zap.
You hear a grinding noise.
Grinder barely misses you.
You closely miss Grinder.
Grinder is moderately wounded.
Grinder barely misses you.
You hit Grinder.
Grinder is poisoned.
Grinder is moderately wounded.
Grinder misses you.
You hit Grinder.
Grinder is moderately wounded.
You hit Grinder.
Grinder looks as sick as possible!
Grinder is heavily wounded.
Grinder hits you!
You hit Grinder. You bite Grinder, but do no damage.
Grinder is heavily wounded.
Grinder misses you.
You hit Grinder.
Grinder is heavily wounded.
Grinder hits you!
You writhe in agony.
You barely miss Grinder.
Grinder is heavily wounded.
Grinder closely misses you.
You closely miss Grinder.
Grinder is severely wounded.
Grinder hits you.
You writhe in agony.
* * * LOW HITPOINT WARNING * * *
Okay, then.
Unknown command.
Okay, then.
It was a potion of might.
You feel very mighty all of a sudden. Grinder hits you.
* * * LOW HITPOINT WARNING * * *
You writhe in agony.
* * * LOW HITPOINT WARNING * * *
You hit Grinder.
Grinder is almost dead.
Grinder hits you.
You die...

#(......
#(..?..
#(..........
#....... ...
#.^.... ..##
#.. ... ..#
## #5# #.#
#.# #. #@#
#.####
#.####.
#.###...<#
#......
#......#
#......
######.#
#..####
#.#####..#..B
#........#..#
#........#...
#........#.(.
##.......#.$.


You could see Grinder (very poisoned).

Vanquished Creatures
  A hound (D:3)
  Terence (D:3)
  Natasha (D:3)
  4 gnolls (D:3)
  A worm (D:2)
  2 dart slugs (D:1)
  An orc (D:3)
  3 endoplasms
  3 giant cockroaches
  6 goblins
  6 hobgoblins
  3 jackals (D:1)
  6 kobolds
  5 quokkas
  4 ball pythons
  7 bats
  A frilled lizard (D:1)
  9 rats
64 creatures vanquished.

Notes
Turn   | Place    | Note
-------+----------+-------------------------------------------
     0 | D:1      | croobank the Gnoll Earth Elementalist began the quest for
                  | the Orb.
     0 | D:1      | Reached XP level 1. HP: 13/13 MP: 6/6
   316 | D:2      | Found a shadowy altar of Dithmenos.
   400 | D:2      | Reached XP level 2. HP: 18/19 MP: 5/7
   914 | D:1      | Reached XP level 3. HP: 25/25 MP: 9/9
   949 | D:1      | Reached skill level 5 in Spellcasting
  1105 | D:1      | Reached skill level 1 in Invocations
  1527 | D:1      | Found Eheaneh's General Store.
  1546 | D:1      | Bought 21 stones for 23 gold pieces
  1546 | D:1      | Bought 23 stones for 25 gold pieces
  2423 | D:3      | Reached skill level 1 in Fighting
  2423 | D:3      | Reached skill level 1 in Short Blades
  2423 | D:3      | Reached skill level 1 in Long Blades
  2423 | D:3      | Reached skill level 1 in Axes
  2423 | D:3      | Reached skill level 1 in Maces & Flails
  2423 | D:3      | Reached skill level 1 in Polearms
  2423 | D:3      | Reached skill level 1 in Staves
  2423 | D:3      | Reached skill level 1 in Slings
  2423 | D:3      | Reached skill level 1 in Bows
  2423 | D:3      | Reached skill level 1 in Crossbows
  2423 | D:3      | Reached skill level 1 in Throwing
  2423 | D:3      | Reached skill level 1 in Armour
  2423 | D:3      | Reached skill level 1 in Shields
  2423 | D:3      | Reached skill level 1 in Unarmed Combat
  2423 | D:3      | Reached skill level 1 in Evocations
  2436 | D:3      | Found a faded altar of an unknown god.
  2461 | D:3      | Reached XP level 4. HP: 25/32 MP: 7/11
  2492 | D:3      | Reached skill level 1 in Conjurations
  2492 | D:3      | Reached skill level 1 in Hexes
  2492 | D:3      | Reached skill level 1 in Summonings
  2492 | D:3      | Reached skill level 1 in Necromancy
  2492 | D:3      | Reached skill level 1 in Translocations
  2492 | D:3      | Reached skill level 1 in Fire Magic
  2492 | D:3      | Reached skill level 1 in Ice Magic
  2492 | D:3      | Reached skill level 1 in Air Magic
  2492 | D:3      | Reached skill level 1 in Poison Magic
  2618 | D:3      | Reached XP level 5. HP: 37/37 MP: 12/12
  2831 | D:3      | Noticed Terence
  2844 | D:3      | Killed Terence
  3289 | D:3      | Found a runed translucent gate.
  3289 | D:3      | Found a runed translucent gate.
  3289 | D:3      | Found a runed translucent gate.
  3293 | D:3      | Noticed Umoon's ghost (amateur DsGl)
  3350 | D:3      | Noticed Grinder
  3350 | D:3      | Noticed Natasha
  3362 | D:3      | Killed Natasha
  3375 | D:3      | Slain by Grinder

Illustrated notes

Levels and vault maps discovered:
D:1:      dpeg_arrival_chambers_temple_mockup, layout_loops_ring, serial_shops,
          shop_fountains
D:2:      mumra_celtic_spiral_tile, layout_basic, basic_altar
D:3:      layout_basic, hellmonk_ecumenical_altar_crossroads,
          gammafunk_ghost_split, uniq_terence, uniq_natasha, uniq_grinder

Skill      XL: |  1  2  3  4 |
---------------+-------------+-----
Transmutations | 2 |  2.4
Spellcasting   | 5 |  5.2
Invocations    | 1 |  1.8
Fighting       | 1 |  1.6
Short Blades   | 1 |  1.6
Long Blades    | 1 |  1.6
Axes           | 1 |  1.6
Maces & Flails | 1 |  1.6
Polearms       | 1 |  1.6
Staves         | 1 |  1.6
Slings         | 1 |  1.6
Bows           | 1 |  1.6
Crossbows      | 1 |  1.6
Throwing       | 1 |  1.6
Armour         | 1 |  1.6
Shields        | 1 |  1.6
Unarmed Combat | 1 |  1.6
Evocations     | 1 |  1.6
Conjurations   | 1 |  1.2
Hexes          | 1 |  1.2
Summonings     | 1 |  1.2
Necromancy     | 1 |  1.2
Translocations | 1 |  1.2
Fire Magic     | 1 |  1.2
Ice Magic      | 1 |  1.2
Air Magic      | 1 |  1.2
Poison Magic   | 1 |  1.2
Dodging        | |  4.8
Stealth        | |  4.4
Earth Magic    | |  5.5

Action                   |  1- 3 |  4- 6 || total
-------------------------+-------+-------++-------
Melee: Unarmed           |    14 |       ||    14
       Falchion          |     2 |       ||     2
       Bite              |     8 |     2 ||    10
       Dagger            |    73 |    42 ||   115
Throw: Javelin           |       |    18 ||    18
 Cast: Sandblast         |    23 |     9 ||    32
  Use: Potion            |       |     2 ||     2
 Stab: Sleeping          |     7 |       ||     7
Armor: Leather armour    |    21 |     5 ||    26
Dodge: Dodged            |    54 |    25 ||    79

Table legend: (Time is in decaauts)
 A = Elapsed time spent in this place.
 B = Non-inter-level travel time spent in this place.
 C = Inter-level travel time spent in this place.
 D = Time resting spent in this place.
 E = Time spent auto-exploring this place.
 F = Levels seen in this place.
 G = Mean time per level.
                   A        B        C        D        E       F      G
               +--------+--------+--------+--------+--------+-----+--------+
         Total |   3377 |   3353 |     24 |    323 |   1722 |   3 | 1125.7 |
       Dungeon |   3377 |   3353 |     24 |    323 |   1722 |   3 | 1125.7 |
               +--------+--------+--------+--------+--------+-----+--------+

Top non-repeatable levels by time:
     D:2: 1314 daAuts
     D:1: 1102 daAuts
     D:3: 961 daAuts
